 Dungeon Crawl Stone Soup version 0.29-a0-542-g075992c915 (webtiles) character file.

Game seed: 4806065803902385143

309 Ragain the Covered (level 7, 10/60 HPs)
             Began as a Meteoran Fighter on June 4, 2022.
             Was a Believer of Ru.
             Quit the game on level 6 of the Dungeon.
             The game lasted 00:15:41 (1911 turns).

Ragain the Covered (Meteoran Fighter)               Turns: 1911, Time: 00:15:42

Health: 10/60      AC:  8    Str: 20    XL:     7   Next: 1%
Magic:  8/8        EV:  9    Int: 10    God:    Ru [**....]
Gold:   220        SH: 10    Dex: 13    Spells: 6/6 levels left

rFire   x . .      SeeInvis .   a - +0 war axe
rCold   x . .      Faith    .   v - +0 buckler
rNeg    . . .      Spirit   .   b - +0 scale mail
rPois   +          Reflect  +   (no helmet)
rElec   .          Harm     .   (no cloak)
rCorr   .          Rampage  .   (no gloves)
Will    .....                   o - +0 pair of boots
Stlth   ..........              p - amulet of reflection
HPRegen 0.20/turn               n - ring of poison resistance
MPRegen 0.11/turn               (no ring)

@: quite poisoned (10 -> 6), glowing
A: sense surroundings 1, temperature sensitive, otherworldly, glowing, explore
regen
a: Renounce Religion


You were on level 6 of the Dungeon.
You worshipped Ru.
Ru was pleased with you.
You visited 1 branch of the dungeon, and saw 6 of its levels.

You collected 220 gold pieces.

Inventory:

Hand Weapons
 a - a +0 war axe (weapon)
Missiles
 s - 6 boomerangs (quivered)
Armour
 b - a +0 scale mail (worn)
 c - a +0 buckler
 o - a +0 pair of boots (worn)
 v - a +0 buckler (worn)
Jewellery
 n - a ring of poison resistance (left hand)
 p - an amulet of reflection (around neck)
Wands
 w - a wand of digging (4)
Scrolls
 i - 2 scrolls of poison
 m - a scroll of teleportation {unknown}
 t - a scroll of amnesia {unknown}
Potions
 d - 3 potions of might
 e - 2 potions of haste {unknown}
 f - 2 potions of resistance {unknown}
 j - a potion of ambrosia {unknown}
 q - a potion of brilliance {unknown}
 r - a potion of magic {unknown}
 u - a potion of curing {unknown}


   Skills:
 * Level 4.8 Fighting
 * Level 4.6 Axes
 * Level 5.4 Armour
 + Level 4.6 Shields


You had 6 spell levels left.
You didn't know any spells.
Your spell library contained the following spells:

 Spells                   Type           Power      Damage    Failure   Level
 Shock                    Conj/Air       0%         1d3       78%         1
 Swiftness                Air            0%         N/A       98%         3
 Airstrike                Air            0%         N/A       100%        4


Dungeon Overview and Level Annotations

Branches:
Dungeon (7/15)
 Temple: D:4-7

Altars:
Ru


Innate Abilities, Weirdness & Mutations

You passively map a small area around you.
You are sensitive to extremes of temperature. (rF-, rC-)
You are easily found by Zot.
You glow in the dark.
You regain HP and MP as you explore.


Message History

You are no longer poisoned.
The killer bee barely misses you. You block the killer bee's attack.
You barely miss the killer bee.
The killer bee is severely wounded.
The killer bee stings you.
The killer bee stings you but does no damage.
The killer bee stings you.
* * * LOW HITPOINT WARNING * * *
You focus your inner power and blind the killer bee in retribution!
You barely miss the killer bee.
The killer bee is severely wounded.
The killer bee stings you.
* * * LOW HITPOINT WARNING * * *
You block the killer bee's attack. The killer bee barely misses you.
You slash the killer bee!
You kill the killer bee!
The killer bee stings you but does no damage.
You have reached level 7!
You barely miss the killer bee. The killer bee stings you.
* * * LOW HITPOINT WARNING * * *
You are poisoned.
The killer bee poisons you!
The killer bee stings you but does no damage.
The killer bee barely misses you.
You can't see any enemies this would affect, really read the scroll of poison?
Okay, then.
Blink to where?
Press: ? - help, Dir - move target
As you read the scroll labelled PORCHA EQIRO, it crumbles to dust.
It was a scroll of blinking.
You feel sick.
Okay, then.
You drop 2 poisoned darts.
You feel sick.
Welcome back, Ragain the Meteoran Fighter.
Ru says: Cut away your false body!
Press ? for a list of commands and other information.
Okay, then.
Unknown command.
Are you sure you want to abandon this character and quit the game? (Confirm with "yes".)
Okay, then.
Are you sure you want to abandon this character and quit the game? (Confirm with "yes".)

#....# *,
#....# *
#....# ,
#....# #####
#....###......
#>....n†n.....
#..y.###......
#....# .....
#@#### * ....
#.# , .$. *
...,,* * * *##
..... , ,,
....... ,, *
#.......#* *
#........ , ,
#......... *


You could see a necrophage and a killer bee.

Vanquished Creatures
  A scorpion (D:3)
  3 killer bees (D:6)
  A hound (D:6)
  An iguana (D:4)
  An adder (D:3)
  2 worms (D:3)
  2 dart slugs (D:3)
  7 ball pythons
  4 endoplasms
  2 giant cockroaches
  5 goblins
  8 hobgoblins
  3 jackals (D:4)
  2 quokkas
  3 bats
  4 frilled lizards
  A kobold (D:2)
  7 rats
57 creatures vanquished.

Notes
Turn   | Place    | Note
-------+----------+-------------------------------------------
     0 | D:1      | Ragain the Meteoran Fighter began the quest for the Orb.
     0 | D:1      | Reached XP level 1. HP: 19/19 MP: 2/2
   104 | D:1      | Reached XP level 2. HP: 17/26 MP: 3/3
   484 | D:1      | Glimpsed the power of Zot.
   508 | D:2      | Found a sacrificial altar of Ru.
   512 | D:2      | Reached XP level 3. HP: 31/31 MP: 4/4
   517 | D:2      | Reached skill level 4 in Armour
   517 | D:2      | Became a worshipper of Ru the Awakened
   539 | D:2      | Found a faded altar of an unknown god.
  1077 | D:2      | Glimpsed the power of Zot.
  1300 | D:3      | Gained mutation: You are sensitive to extremes of
                  | temperature. (rF-, rC-) [Ru sacrifice]
  1300 | D:3      | Reached * piety under Ru
  1300 | D:3      | Reached ** piety under Ru
  1369 | D:3      | Reached XP level 4. HP: 40/40 MP: 5/5
  1425 | D:3      | Noticed a scorpion
  1437 | D:3      | Killed a scorpion
  1438 | D:3      | Reached XP level 5. HP: 18/46 MP: 6/6
  1662 | D:3      | Glimpsed the power of Zot.
  1858 | D:4      | You fall into a shaft and drop 3 floors!
  1880 | D:6      | Reached skill level 5 in Armour
  1880 | D:6      | Reached XP level 6. HP: 53/53 MP: 7/7
  1908 | D:6      | Reached XP level 7. HP: 10/60 MP: 8/8
  1911 | D:6      | Quit the game

Illustrated notes

Levels and vault maps discovered:
D:1:      dpeg_arrival_fog, layout_loops_ring, roderic_filled_cross,
          grunt_decor_cap
D:2:      layout_loops_ring, basic_altar, ebering_ecumenical_altar_abandoned
D:3:      layout_loops_cross, gup_sewer_entry_bubbles
D:4:      layout_loops_ring, minmay_temple_entry_fiery, guppyfry_shop_venom
D:6:      kennysheep_big_flooded_room, layout_basic, lemuel_round_altar
D:7:      layout_cave_pods, kennysheep_generic_room_7, uniq_crazy_yiuf_cottage

Skill      XL: |  1  2  3  4  5 |
---------------+----------------+-----
Axes           | 3 4 |  4.6
Armour         | 4 5 |  5.4
Shields        | 4 |  4.6
Fighting       | 4 |  4.8

Action                   |  1- 3 |  4- 6 |  7- 9 || total
-------------------------+-------+-------+-------++-------
Melee: War axe           |    82 |    74 |     1 ||   157
Invok: Sacrifice Resista |     1 |       |       ||     1
  Use: Scroll            |       |     4 |     1 ||     5
Armor: Scale mail        |    36 |    30 |     1 ||    67
Dodge: Dodged            |    22 |    29 |     1 ||    52
Block: Buckler           |    32 |    34 |       ||    66
       Reflection        |     1 |       |       ||     1

Table legend: (Time is in decaauts)
 A = Elapsed time spent in this place.
 B = Non-inter-level travel time spent in this place.
 C = Inter-level travel time spent in this place.
 D = Time resting spent in this place.
 E = Time spent auto-exploring this place.
 F = Levels seen in this place.
 G = Mean time per level.
                   A        B        C        D        E       F      G
               +--------+--------+--------+--------+--------+-----+--------+
         Total |   1968 |   1899 |     69 |     28 |    804 |   6 |  328.0 |
       Dungeon |   1968 |   1899 |     69 |     28 |    804 |   6 |  328.0 |
               +--------+--------+--------+--------+--------+-----+--------+

Top non-repeatable levels by time:
     D:3: 627 daAuts
     D:2: 604 daAuts
     D:1: 505 daAuts
     D:4: 171 daAuts
     D:6: 46 daAuts
     D:7: 13 daAuts
